 Dungeon Crawl Stone Soup version 0.24.0-1-gfbc8707 (webtiles) character file.

Game seed: 2876528349014020381, levelgen mode: deterministic

2665 Buxparty the Spear-Bearer (level 9, -3/61 HPs)
             Began as a Mummy Gladiator on Jan 11, 2020.
             Slain by an orc warrior
             ... wielding a +0 morningstar
              (7 damage)
             ... on level 7 of the Dungeon.
             The game lasted 00:22:49 (7232 turns).

Buxparty the Spear-Bearer (Mummy Gladiator)         Turns: 7232, Time: 00:22:50

Health: -3/61      AC: 18    Str: 20      XL:     9   Next: 36%
Magic:  9/9        EV: 13    Int: 16      God:
Gold:   173        SH:  4    Dex: 15 (16) Spells: 8/8 levels left

rFire    x . .     SeeInvis +   a - +0 trident
rCold    + . .     Gourm    .   y - +1 buckler of the Spider Nest {MR+}
rNeg     + + +     Faith    .   x - +0 scale mail of the Hall of Blades {Int+6 Dex+2 SInv}
rPois    ∞         Spirit   .   F - +2 helmet {Int+3}
rElec    .         Reflect  .   u - +0 cloak
rCorr    .         Harm     .   o - +0 pair of gloves
MR       ++...                  z - +2 pair of boots
Stlth    ..........             (no amulet)
HPRegen  0.20/turn              n - +3 ring of slaying
MPRegen  0.11/turn              p - +4 ring of protection

@: no status effects
A: no food or potions, fire vulnerability, cold resistance 1, negative energy
resistance 3, torment resistance, unbreathing
a: no special abilities


You were on level 7 of the Dungeon.
You were not hungry.

You visited 2 branches of the dungeon, and saw 8 of its levels.

You collected 353 gold pieces.
You spent 180 gold pieces at shops.

Inventory:

Hand Weapons
 a - a +0 trident (weapon)
 b - a +2 hunting sling of freezing
Missiles
 j - 49 poisoned darts
 B - a throwing net (quivered)
Armour
 c - a +0 helmet
 o - a +0 pair of gloves (worn)
 u - a +0 cloak (worn)
 w - a +0 leather armour
 x - the +0 scale mail of the Hall of Blades (worn) {Int+6 Dex+2 SInv}
   (You bought it in a shop on level 4 of the Dungeon)

   It affects your intelligence (+6).
   It affects your dexterity (+2).
   It lets you see invisible.
 y - the +1 buckler of the Spider Nest (worn) {MR+}
   (You found it on level 4 of the Dungeon)

   It affects your resistance to hostile enchantments.
 z - a +2 pair of boots (worn)
 F - a +2 helmet of intelligence (worn)
Jewellery
 g - an uncursed ring of positive energy
 h - an uncursed ring of poison resistance
 n - a +3 ring of slaying (left hand)
 p - a +4 ring of protection (right hand)
 q - an uncursed ring of protection from cold {unknown}
Wands
 t - a wand of digging (2)
 A - a wand of random effects (8)
 E - a wand of clouds (5)
 G - a wand of disintegration (6)
Scrolls
 d - a scroll of fear {unknown}
 e - 2 scrolls of enchant armour {unknown}
 f - a scroll of magic mapping {unknown}
 i - 3 scrolls of immolation {unknown}
 k - 2 scrolls of teleportation {unknown}
 l - a scroll of identify {unknown}
 m - 3 scrolls of fog {unknown}
 r - 2 scrolls of remove curse {unknown}
 s - a scroll of enchant weapon {unknown}
 v - a scroll of noise {unknown}
 C - a scroll of blinking {unknown}
 D - a scroll of holy word {unknown}


   Skills:
 - Level 2.0 Fighting
 * Level 9.2 Polearms
 - Level 1.5 Throwing
 + Level 6.6 Dodging


You had 8 spell levels left.
You didn't know any spells.
Your spell library was empty.

Dungeon Overview and Level Annotations

Branches:
Dungeon (7/15)             Temple (1/1) D:5

Altars:
Ashenzari
Cheibriados
Elyvilon
Fedhas
Gozag
Hepliaklqana
Makhleb
Uskayaw
Vehumet
Wu Jian
Xom
Yredelemnul
The Shining One

Shops:
D:4 [

Annotations:
D:2 2 transporters
D:5 2 transporters, dforspid's ghost, novice TeEn


Innate Abilities, Weirdness & Mutations

You do not eat or drink.
Your flesh is vulnerable to fire.
You are immune to poison.
Your flesh is cold resistant. (rC+)
You are immune to negative energy. (rN+++)
You are immune to unholy pain and torment.
You can survive without breathing.


Message History

You hit the orc warrior.
The orc warrior is almost dead.
The orc misses you. The orc hits you but does no damage.
The orc warrior hits you with a +0 morningstar!
You hit the orc warrior.
The orc warrior is almost dead.
You block the orc's attack. The orc hits you but does no damage.
You closely miss the orc warrior.
The orc warrior is almost dead.
The orc warrior barely misses you. The orc hits you but does no damage.
You hit the orc warrior but do no damage.
The orc warrior is almost dead.
The orc zaps a wand.
You are blasted!
* * * LOW HITPOINT WARNING * * *
The orc warrior misses you. The orc closely misses you.
You barely miss the orc warrior.
The orc warrior is almost dead.
The orc hits you but does no damage.
The orc warrior hits you with a +0 morningstar!
You die...

##...##.##....##
##...#####....##
#..............#
#..............#
#..............#
#....##....[..##
#....##.......##
#ooo...........#
#.@...........##
#.............#
#..................
##....)............
#...........$.....
#...##.......##...
#...##.......# .(.
#............. ..
......... ..


You could see an orc warrior and 2 orcs.

Vanquished Creatures
  The ghost of Buxparty the Poker, a novice MfGl (D:4)
  Grinder (D:4)
  A hungry ghost (D:7)
  Duvessa (D:5)
  An orc warrior (D:5)
  2 ice beasts
  4 ogres
  A phantom (D:4)
  A centaur (D:5)
  Dowan (D:5)
  A water moccasin skeleton (D:6)
  A scorpion (D:3)
  A howler monkey (D:5)
  2 crimson imps
  5 orc priests
  A centaur skeleton (D:4)
  A hound (D:5)
  8 orc wizards
  Jessica (D:2)
  A bullfrog skeleton (D:4)
  Crazy Yiuf (D:3)
  An iguana (D:4)
  2 worker ants
  A hound zombie (D:5)
  2 hound skeletons
  A worker ant zombie (D:4)
  5 gnolls
  8 adders
  2 oozes
  2 adder skeletons (D:4)
  An adder zombie (D:7)
  3 dart slugs
  3 leopard geckos
  9 orcs
  A ball python (D:1)
  6 bats
  6 giant cockroaches
  9 goblins
  9 hobgoblins
  14 jackals
  2 quokkas
  10 frilled lizards
  9 kobolds
  A quokka skeleton (D:4)
  16 rats
160 creatures vanquished.

Notes
Turn   | Place    | Note
-------+----------+-------------------------------------------
     0 | D:1      | Buxparty the Mummy Gladiator began the quest for the Orb.
     0 | D:1      | Reached XP level 1. HP: 16/16 MP: 1/1
   329 | D:2      | Reached XP level 2. HP: 19/22 MP: 2/2
   352 | D:2      | Reached skill level 3 in Polearms
   503 | D:2      | Reached XP level 3. HP: 18/27 MP: 3/3
   863 | D:1      | You fall into a shaft and drop 1 floor!
  1298 | D:1      | Reached XP level 4. HP: 33/33 MP: 4/4
  1590 | D:2      | Noticed Jessica
  1597 | D:2      | Killed Jessica
  1797 | D:2      | Reached skill level 4 in Polearms
  1880 | D:2      | Found a transporter.
  1882 | D:2      | Found an opulent altar of Gozag.
  1884 | D:2      | Noticed a hungry ghost
  1921 | D:2      | Found a transporter.
  2009 | D:3      | Reached XP level 5. HP: 38/38 MP: 5/5
  2749 | D:4      | Reached XP level 6. HP: 24/44 MP: 6/6
  2892 | D:4      | Reached skill level 5 in Polearms
  2923 | D:4      | Found a runed translucent gate.
  2930 | D:4      | Found Inov's Antique Armour Emporium.
  2949 | D:4      | Found a runed translucent gate.
  2949 | D:4      | Found a runed translucent gate.
  3009 | D:4      | Noticed Grinder
  3473 | D:3      | Found a runed translucent door.
  3474 | D:3      | Noticed Crazy Yiuf
  3484 | D:3      | Killed Crazy Yiuf
  3826 | D:4      | Found a radiant altar of Vehumet.
  3896 | D:4      | Reached XP level 7. HP: 50/50 MP: 7/7
  3900 | D:4      | Found an ornate altar of the Wu Jian Council.
  4087 | D:4      | Killed Grinder
  4087 | D:4      | Reached skill level 6 in Polearms
  4148 | D:4      | Noticed Buxparty's ghost (novice MfGl)
  4281 | D:4      | Bought a translucent scale mail for 180 gold pieces
  4292 | D:4      | Identified the +0 scale mail of the Hall of Blades {Int+6
                  | Dex+2 SInv} (You bought it in a shop on level 4 of the
                  | Dungeon)
  4302 | D:5      | Entered Level 5 of the Dungeon
  4520 | D:5      | Reached skill level 5 in Dodging
  4520 | D:5      | Reached XP level 8. HP: 43/56 MP: 8/8
  4552 | D:5      | Reached skill level 7 in Polearms
  4655 | D:5      | Found a transporter.
  4655 | D:5      | Noticed dforspid's ghost (novice TeEn)
  4657 | D:5      | Found a transporter.
  4715 | D:5      | Found a staircase to the Ecumenical Temple.
  4737 | Temple   | Entered the Ecumenical Temple
  5018 | D:5      | Found a white marble altar of Elyvilon.
  5057 | D:5      | Noticed Duvessa
  5115 | D:5      | Identified the +7 short sword of the Sea {pierce, rC+ MR+}
  5132 | D:5      | Noticed Dowan
  5148 | D:5      | Killed Duvessa
  5441 | D:5      | Killed Dowan
  5761 | D:5      | Reached skill level 8 in Polearms
  5869 | D:6      | Reached XP level 9. HP: 38/61 MP: 9/9
  6094 | D:4      | Killed Buxparty's ghost
  6235 | D:4      | Got a polished buckler
  6241 | D:4      | Identified the +1 buckler of the Spider Nest {MR+} (You
                  | found it on level 4 of the Dungeon)
  6559 | D:6      | Reached skill level 9 in Polearms
  6967 | D:6      | Found a glowing golden altar of the Shining One.
  7232 | D:7      | Slain by an orc warrior

Levels and vault maps discovered:
D:1:      enne_arrival_octagon_isle, layout_basic, minmay_pentomino_q2
D:2:      layout_loops_cross, gammafunk_temple_overflow_arena, first_ration,
          minmay_lizard_pond, uniq_jessica
D:3:      layout_basic, grunt_decor_cap, uniq_crazy_yiuf_cottage
D:4:      layout_loops_cross, lemuel_crystal_altar, fiery_altar_vehumet,
          gammafunk_ghost_necromancy, serial_shops, shop, uniq_grinder
D:5:      layout_gridville, minmay_temple_entry_large_hall,
          gammafunk_ghost_arena, elyvilon_altar_5, uniq_duvessa
D:6:      layout_basic, tso_oasis_becter
D:7:      layout_gridville, tgw_kikubaaqudgha
Temple:   compressed_dpeg_triangle_lava_temple

Skill      XL: |  1  2  3  4  5  6  7  8  9 |
---------------+----------------------------+-----
Polearms       | 3 4 5 6 8 9 |  9.2
Dodging        | 3 4 5 6 |  6.6
Fighting       | |  2.0
Throwing       | |  1.5

Action                   |  1- 3 |  4- 6 |  7- 9 || total
-------------------------+-------+-------+-------++-------
Melee: Trident           |    89 |   197 |   337 ||   623
Throw: Throwing net      |       |       |     6 ||     6
 Stab: Sleeping          |     1 |     7 |       ||     8
Armor: Leather armour    |    15 |    52 |     4 ||    71
       Scale mail        |       |       |   127 ||   127
Dodge: Dodged            |    45 |   104 |   163 ||   312
Block: Buckler           |       |       |    15 ||    15
